 Dungeon Crawl Stone Soup version 0.30-b1-2-g02819fbbbe (webtiles) character file.

Game seed: 8110019858158457149

0 Arcadio the Magician (level 1, 0/14 HPs)
             Began as a Ghoul Hedge Wizard on May 15, 2023.
             Slain by a jackal (1 damage)
             ... on level 1 of the Dungeon.
             The game lasted 00:00:49 (86 turns).

Arcadio the Magician (Ghoul Hedge Wizard)             Turns: 86, Time: 00:00:49

Health: 0/14       AC:  2    Str: 13    XL:     1   Next: 10%
Magic:  0/3        EV: 11    Int:  9    God:
Gold:   0          SH:  0    Dex:  8    Spells: 4/5 levels left

rFire   . . .        a - +0 dagger
rCold   + . .        (no shield)
rNeg    + + +        b - +0 robe
rPois   ∞            c - +0 hat
rElec   .            (no cloak)
rCorr   .            (no gloves)
SInv    .            (no boots)
Will    .....        (no amulet)
Stlth   ++           (no ring)
HPRegen 0.00/turn    (no ring)
MPRegen 0.08/turn

%: no passive effects
@: very slightly contaminated, inhibited regen
A: claws 1, cold resistance 1, negative energy resistance 3, inhibited
regeneration, torment resistance 2, devour on kill
a: no special abilities


You were on level 1 of the Dungeon.
You visited 1 branch of the dungeon, and saw 1 of its levels.

Inventory:

Hand Weapons
 a - a +0 dagger (weapon)
Armour
 b - a +0 robe (worn)
 c - a +0 hat (worn)
Potions
 d - a potion of magic


   Skills:
 + Level 1.7 Dodging
 - Level 2.1 Stealth
 + Level 2.6 Spellcasting
 + Level 0.7 Conjurations
 + Level 0.8 Summonings
 - Level 0.8 Translocations


You had 4 spell levels left.
You knew the following spells:

 Your Spells              Type           Power      Damage    Failure   Level
a - Magic Dart            Conj           8%         1d3       22%         1

Your spell library contained the following spells:

 Spells                   Type           Power      Damage    Failure   Level
 Slow                     Hex            4%         N/A       30%         1
 Blink                    Tloc           4%         N/A       32%         2
 Call Imp                 Summ           4%         N/A       32%         2
 Cigotuvi's Dreadful Rot  Necr/Pois/Air  2%         N/A       43%         2
 Mephitic Cloud           Conj/Pois/Air  1%         N/A       63%         3


Dungeon Overview and Level Annotations

Branches:
Dungeon (1/15) Zot: 5912

Altars:


Innate Abilities, Weirdness & Mutations

You are immune to poison.
You have sharp fingernails.
Your flesh is cold resistant. (rC+)
You are immune to negative energy. (rN+++)
You do not regenerate when monsters are visible.
You are immune to unholy pain and torment.
You thrive by killing the living.


Message History

Casting: Magic Dart (safe; 22% risk of failure)
Confirm with . or Enter, or press ? or * to list all spells.
You don't have enough magic to cast this spell.
Unknown command.
The jackal attacks as you move away!
The jackal bites you but does no damage.
The jackal barely misses you. x2
The jackal attacks as you move away! The jackal bites you.
The jackal attacks as you move away! The jackal barely misses you.
The jackal attacks as you move away! The jackal bites you. x3
The jackal attacks as you move away! The jackal barely misses you.
The jackal attacks as you move away! The jackal closely misses you.
The jackal completely misses you. The jackal misses you.
The jackal attacks as you move away! The jackal barely misses you.
The jackal bites you. x2
The jackal attacks as you move away! The jackal completely misses you.
You see here a +0 short sword.
You miss the jackal. The jackal bites you. x2
* * * LOW HITPOINT WARNING * * *
Casting: Magic Dart (safe; 22% risk of failure)
Confirm with . or Enter, or press ? or * to list all spells.
Aiming: Magic Dart (safe; 22% risk of failure)
Press: ? - help, Shift-Dir - straight line, f/p - kobold
Aim: a kobold, wielding a +0 short sword and quivering stones (moderately wounded, 100% to hit)
You miscast Magic Dart.
Nothing appears to happen.
The jackal barely misses you.
Unknown command.
You hit the jackal.
The jackal is moderately wounded.
The jackal barely misses you. The jackal closely misses you.
You closely miss the jackal.
The jackal is moderately wounded.
The jackal closely misses you.
You miss the jackal.
The jackal is moderately wounded.
The jackal barely misses you.
You barely miss the jackal.
The jackal is moderately wounded.
The jackal closely misses you. The jackal bites you.
You die...

.~........~....#
.~.....~~.~.~~.#
.~.....~.>~..~.#
.~..~~.~.~~..~.#
.~(.~<.~.....~.#
.~~.~.~~.....~.## .#
....~........~.$# .#
###.~~~~~~~~~~..##########.#
#.............@hhK.......#
########......##S........######
#########.........#....#
#........)#....#
#...........$..#
#...............
#..............h
#........!..>...
#######.........


You could see 2 jackals, a ball python and a kobold.

Vanquished Creatures
  A kobold (D:1)
1 creature vanquished.

Notes
Turn   | Place    | Note
-------+----------+-------------------------------------------
     0 | D:1      | Arcadio the Ghoul Hedge Wizard began the quest for the Orb.
     0 | D:1      | Reached XP level 1. HP: 14/14 MP: 3/3
    86 | D:1      | Slain by a jackal

Illustrated notes

Levels and vault maps discovered:
D:1:      ebering_trefoil_twist, layout_basic

Action                     || total
---------------------------++-------
  Melee: Dagger            ||     5
   Cast: Magic Dart        ||     4
 Armour: Robe              ||     2
  Dodge: Dodged            ||    16
